 Dungeon Crawl Stone Soup version 0.18.1-47-g9310371 (webtiles) character file.

144 Liquid the Ducker (level 5, 0/22 HPs)
             Began as a Felid Warper on June 22, 2016.
             Succumbed to a scorpion's poison
             ... on level 4 of the Dungeon.
             The game lasted 00:12:45 (4329 turns).

Liquid the Ducker (Felid Warper)                    Turns: 4329, Time: 00:12:45

Health: 0/22       AC:  1    Str:  7    XL:     5   Next: 5%
Magic:  9/9        EV: 20    Int: 14    God:
Gold:   223        SH:  0    Dex: 17    Spells: 3 memorised, 2 levels left
                                        Lives:  0   Deaths: 1

rFire  . . .     SeeInvis +       - Unarmed
rCold  . . .     Gourm    .     (armour unavailable)
rNeg   . . .     Faith    .     (shield unavailable)
rPois  .         Spirit   .     (helmet unavailable)
rElec  .         Dismiss  .     (cloak unavailable)
rCorr  .         Reflect  .     (gloves unavailable)
SustAt .         Harm     .     (boots unavailable)
MR     .....                    l - amulet of rage
Stlth  ++++......               (no ring)
                                (no ring)

@: lethally poisoned (0 -> -5), quick, not resistant to hostile enchantments,
stealthy
A: no armour, no weapons or thrown items, claws 1, fangs 3, see invisible,
carnivore 3, speed 1, shaggy fur 1, slow metabolism 1, sharp paws
a: Evoke Berserk Rage


You were on level 4 of the Dungeon.
You were not hungry.

You visited 1 branch of the dungeon, and saw 5 of its levels.

You collected 223 gold pieces.

Inventory:

Jewellery
 l - an amulet of rage (around neck)
Wands
 n - a wand of lightning (4/15)
 o - a wand of confusion (31/48)
Scrolls
 b - a scroll of blinking
 d - 3 scrolls of teleportation {unknown}
 e - 2 scrolls of enchant weapon {unknown}
 f - 2 scrolls of identify
 i - 2 scrolls of fog {unknown}
 k - 2 scrolls of remove curse {unknown}
 p - a scroll of magic mapping {unknown}
Potions
 h - 2 potions of brilliance
 j - a potion of flight
 m - a potion of invisibility
 q - a potion of magic
Books
 a - a book of Spatial Translocations

   Spells                             Type                      Level
   a - Apportation                    Translocation                1
   b - Blink                          Translocation                2
   c - Shroud of Golubria             Charms/Translocation         2
   d - Portal Projectile              Translocation                3
   e - Teleport Other                 Translocation                3
   f - Passage of Golubria            Translocation                4
Comestibles
 c - 5 meat rations
 g - a beef jerky


   Skills:
 - Level 2.0 Fighting
 + Level 5.2 Dodging
 + Level 5.1 Stealth
 * Level 3.8 Unarmed Combat
 - Level 2.0 Spellcasting
 - Level 4.4 Translocations


You had 2 spell levels left.
You knew the following spells:

 Your Spells              Type           Power        Failure   Level  Hunger
a - Apportation           Tloc           ##........   4%          1    ##.....
b - Blink                 Tloc           N/A          10%         2    ###....
c - Teleport Other        Tloc           ##......     14%         3    ####...


Dungeon Overview and Level Annotations

Branches:
Dungeon (5/15)
 Temple: D:4-7

Altars:
Dithmenos
Fedhas
Makhleb
Okawaru
Qazlal
Sif Muna
Yredelemnul
Zin

Annotations:
D:3 Reyan's ghost, amateur MfTm
D:4 sarahorange's ghost, amateur DECj


Innate Abilities, Weirdness & Mutations

You cannot wear armour.
You are incapable of wielding weapons or throwing items.
You have sharp claws.
You have razor-sharp teeth.
You have supernaturally acute eyesight.
You are carnivorous and can eat meat at any time.
You cover ground quickly.
You are covered in fur (AC +1).
You have a slow metabolism.
Your sharp claws are effective at attacking unaware monsters.


Message History

You feel sick.
* * * LOW HITPOINT WARNING * * *
You feel sick.
* * * LOW HITPOINT WARNING * * *
You feel sick.
* * * LOW HITPOINT WARNING * * *
You feel sick.
* * * LOW HITPOINT WARNING * * *
You feel sick.
* * * LOW HITPOINT WARNING * * *
You feel sick.
There is a stone staircase leading up here.
You climb upwards.
Level annotation: sarahorange's ghost, amateur DECj
* * * LOW HITPOINT WARNING * * *
You feel sick.
There is a stone staircase leading down here.
Drink which item? (? for menu, Esc to quit)
Okay, then.
You die...

##.###....##### #
#.######..# # #...#
#...######### # ###.#
#.#.......... #
#.###.########### #
#######..##.# # #
#.....#)....# # ##
#.....#...### # .##
#..>..@%...######## #
..###
#.....#.##........#####
#...#### #######.#
#............ .##....##
##.# #####..#####
..####..### #..# ##.#
#.## ##...### #.##
#.### #..##
###...####.# #...#
##..# ###......## #...#
##.##
##...>..#########...#


There were no monsters in sight!

Vanquished Creatures
  A centaur skeleton (D:4)
  An iguana (D:4)
  Ijyb (D:3)
  Terence (D:3)
  A hound zombie (D:5)
  2 adders (D:3)
  2 shadow imps (D:5)
  2 oozes
  An adder skeleton (D:4)
  2 worms
  A dart slug (D:1)
  A giant gecko (D:2)
  5 orcs (D:3)
  A ball python (D:3)
  11 bats
  6 giant cockroaches
  3 goblins
  4 hobgoblins
  13 jackals
  2 quokkas
  8 giant newts
  6 kobolds
  2 quokka zombies (D:5)
  2 rats
79 creatures vanquished.

Notes
Turn   | Place    | Note
--------------------------------------------------------------
     0 | D:1      | Liquid the Felid Warper began the quest for the Orb.
     0 | D:1      | Reached XP level 1. HP: 9/9 MP: 4/4
   200 | D:1      | Reached skill level 1 in Stealth
   443 | D:1      | Reached XP level 2. HP: 13/13 MP: 6/6
   871 | D:1      | Learned a level 2 spell: Blink
  1750 | D:2      | Reached XP level 3. HP: 9/16 MP: 7/7
  1971 | D:2      | Found a shadowy altar of Dithmenos.
  2012 | D:2      | Found a blossoming altar of Fedhas.
  2013 | D:2      | Found a stormy altar of Qazlal.
  2014 | D:2      | Found a deep blue altar of Sif Muna.
  2014 | D:2      | Found a basalt altar of Yredelemnul.
  2038 | D:2      | Found an iron altar of Okawaru.
  2050 | D:2      | Found a glowing silver altar of Zin.
  2156 | D:2      | Learned a level 3 spell: Teleport Other
  2558 | D:3      | Reached XP level 4. HP: 19/19 MP: 8/8
  2820 | D:3      | Found a burning altar of Makhleb.
  2858 | D:3      | Noticed Ijyb
  2868 | D:3      | Killed Ijyb
  3071 | D:3      | Noticed Reyan's ghost (amateur MfTm)
  3381 | D:4      | Reached XP level 5. HP: 14/22 MP: 9/9
  3394 | D:4      | Reached skill level 5 in Stealth
  3535 | D:4      | Noticed sarahorange's ghost (amateur DECj)
  3655 | D:3      | Noticed Terence
  3673 | D:3      | Killed Terence
  3673 | D:3      | Reached skill level 5 in Dodging
  3880 | D:5      | Entered Level 5 of the Dungeon
  4071 | D:5      | HP: 1/22 [iguana (11)]
  4072 | D:5      | Mangled by an iguana
  4073 | D:5      | Reached XP level 4. HP: -6/19 MP: 8/8
  4294 | D:5      | Reached XP level 5. HP: 11/22 MP: 9/9
  4326 | D:4      | HP: 1/22 [poisoned by a scorpion]
  4329 | D:4      | Succumbed to a scorpion's poison

Skill      XL: |  1  2  3  4  5 |
---------------+----------------+-----
Stealth        | 1 3 4 5 |  5.1
Dodging        | 4 5 |  5.2
Unarmed Combat | 3 |  3.8
Fighting       | |  2.0
Spellcasting   | |  2.0
Translocations | |  4.4

Action                   |  1- 3 |  4- 6 || total
-------------------------+-------+-------++-------
Melee: Unarmed           |   165 |   151 ||   316
       Bite              |     6 |    12 ||    18
       Punch             |     3 |     1 ||     4
 Abil: Evoke Berserk Rag |       |     1 ||     1
  Use: Scroll            |       |     4 ||     4
 Stab: Sleeping          |     7 |    16 ||    23
  Eat: Chunk             |    10 |     4 ||    14
Armor: Skin              |    10 |     4 ||    14
Dodge: Dodged            |   147 |   134 ||   281
